 Dungeon Crawl Stone Soup version 0.30-a0-691-g754fce4c43 (webtiles) character file.

Game seed: 9579586584136922421

4 testman the Trooper (level 1, -2/18 HPs)
             Began as a Demonspawn Cinder Acolyte on Jan 19, 2023.
             Was a High Priest of Ignis.
             Slain by a quokka (4 damage)
             ... on level 1 of the Dungeon.
             The game lasted 00:00:19 (85 turns).

testman the Trooper (Demonspawn Cinder Acolyte)       Turns: 85, Time: 00:00:19

Health: -2/18      AC:  2    Str: 14    XL:     1   Next: 50%
Magic:  2/2        EV: 11    Int: 15    God:    Ignis [*****.]
Gold:   0          SH:  0    Dex:  8    Spells: 2/2 levels left

rFire   + . .      SeeInvis .    a - -1 falchion (flame)
rCold   . . .      Faith    .    (no shield)
rNeg    . . .      Spirit   .    b - +0 robe
rPois   .          Reflect  .    (no helmet)
rElec   .          Harm     .    (no cloak)
rCorr   .          Rampage  .    (no gloves)
Will    .....                    (no boots)
Stlth   +                        (no amulet)
HPRegen 0.23/turn                (no ring)
MPRegen 0.08/turn                (no ring)

@: no status effects
A: no striking features
a: Renounce Religion, Fiery Armour, Foxfire Swarm, Rising Flame


You were on level 1 of the Dungeon.
You worshipped Ignis.
Ignis was extremely pleased with you.
You visited 1 branch of the dungeon, and saw 1 of its levels.

Inventory:

Hand Weapons
 a - a -1 falchion of flaming (weapon)
Armour
 b - a +0 robe (worn)
Scrolls
 c - a scroll of identify {unknown}


   Skills:
 + Level 3.0 Fighting
 + Level 2.7 Long Blades
 + Level 1.1 Spellcasting
 + Level 2.7 Fire Magic


You had 2 spell levels left.
You didn't know any spells.
Your spell library contained the following spells:

 Spells                   Type           Power      Damage    Failure   Level
 Scorch                   Fire           18%        2d6       12%         2


Dungeon Overview and Level Annotations

Branches:
Dungeon (1/15)

Altars:


Message History

The hobgoblin misses you.
The hobgoblin hits you but does no damage.
You slash the hobgoblin! You burn the hobgoblin.
You kill the hobgoblin!
You miss the frilled lizard. The frilled lizard closely misses you.
You barely miss the frilled lizard. The frilled lizard closely misses you.
You closely miss the frilled lizard. The frilled lizard misses you.
You hit the frilled lizard. You burn the frilled lizard.
You kill the frilled lizard!
No target in view!
A rat comes into view.
Found a bubbling black potion.
Found a hand axe.
You hit the rat. You burn the rat.
The rat is severely wounded.
The rat bites you.
You hit the rat. You burn the rat.
You kill the rat!
No target in view!
No target in view!
A quokka comes into view.
Found a scroll labelled GORUIN EJOLUST.
You see here 13 gold pieces.
You closely miss the quokka. The quokka completely misses you.
The quokka barely misses you.
You barely miss the quokka. The quokka barely misses you.
You barely miss the quokka. The quokka bites you.
You hit the quokka but do no damage.
The quokka bites you but does no damage.
The quokka bites you.
You closely miss the quokka. The quokka bites you.
You completely miss the quokka. The quokka bites you. x2
You are too injured to fight recklessly!
You are too injured to fight recklessly!
You are too injured to fight recklessly!
You closely miss the quokka. The quokka bites you.
You closely miss the quokka. The quokka bites you.
* * * LOW HITPOINT WARNING * * *
The quokka bites you.
You die...

. # .. ####### ..
....... #. ### #...
#.##########... .##
#............#### ##.
#..r@......####..##..
#......$......?.#...#
#.............######.###
#.###.........####...# #
#...........##.#####
###..!....#..†......
..)#...............
........#......#####
.....####...>.[#


You could see a quokka.

Vanquished Creatures
  A ball python (D:1)
  A hobgoblin (D:1)
  A frilled lizard (D:1)
  A rat (D:1)
4 creatures vanquished.

Notes
Turn   | Place    | Note
-------+----------+-------------------------------------------
     0 | D:1      | testman the Demonspawn Cinder Acolyte began the quest for
                  | the Orb.
     0 | D:1      | Reached XP level 1. HP: 18/18 MP: 2/2
    85 | D:1      | Slain by a quokka

Illustrated notes

Levels and vault maps discovered:
D:1:      wander_arrival_peaceful_grave, layout_rooms

Action                   || total
-------------------------++-------
Melee: Falchion          ||    20
Armor: Robe              ||     3
Dodge: Dodged            ||    12

Table legend: (Time is in decaauts)
 A = Elapsed time spent in this place.
 B = Non-inter-level travel time spent in this place.
 C = Inter-level travel time spent in this place.
 D = Time resting spent in this place.
 E = Time spent auto-exploring this place.
 F = Levels seen in this place.
 G = Mean time per level.
                   A        B        C        D        E       F      G
               +--------+--------+--------+--------+--------+-----+--------+
         Total |     88 |     88 |      0 |      0 |     50 |   1 |   88.0 |
       Dungeon |     88 |     88 |      0 |      0 |     50 |   1 |   88.0 |
               +--------+--------+--------+--------+--------+-----+--------+

Top non-repeatable levels by time:
     D:1: 88 daAuts
